 Dungeon Crawl Stone Soup version 0.31.0-11-ge490571c62 (webtiles) character file.

Game seed: 1444031258635725115

38 hawla the Chopper (level 3, -7/33 HPs)
             Began as a Hill Orc Monk on Jan 28, 2024.
             Mangled by Sigmund
             ... wielding a +0 scythe
              (10 damage)
             ... on level 2 of the Dungeon.
             The game lasted 00:01:55 (852 turns).

hawla the Chopper (Hill Orc Monk)                    Turns: 852, Time: 00:01:56

Health: -7/33      AC:  2    Str: 15    XL:     3   Next: 43%
Magic:  3/3        EV: 12    Int: 10    God:
Gold:   48         SH:  0    Dex: 13    Spells: 2/2 levels left

rFire   . . .        a - +0 hand axe
rCold   . . .        d - orb {light}
rNeg    . . .        b - +0 robe
rPois   .            (no helmet)
rElec   .            (no cloak)
rCorr   .            (no gloves)
SInv    .            (no boots)
Will    .....        (no amulet)
Stlth   +            g - ring of flight
HPRegen 0.25/turn    (no ring)
MPRegen 0.08/turn

%: no passive effects
@: confused, flying, glowing
A: no striking features
a: no special abilities


You were on level 2 of the Dungeon.
You visited 1 branch of the dungeon, and saw 2 of its levels.

You collected 48 gold pieces.

Inventory:

Hand Weapons
 a - a +0 hand axe (weapon)
Armour
 b - a +0 robe (worn)
 d - an orb of light (worn)
Jewellery
 g - a ring of flight (left hand)
Potions
 c - a potion of ambrosia
 f - a potion of cancellation


   Skills:
 + Level 4.3 Fighting
 + Level 4.6 Axes
 + Level 2.9 Dodging


You had 2 spell levels left.
You didn't know any spells.
Your spell library was empty.

Dungeon Overview and Level Annotations

Branches:
Dungeon (2/15)

Altars:

Annotations:
D:2 Sigmund


Message History

You are caught in a web!
The web tears apart.
Sigmund hits you but does no damage. The ribbon worm barely misses you.
You hit Sigmund.
Sigmund is lightly wounded.
You hit the ribbon worm. Sigmund hits you with a +0 scythe!
You hit Sigmund.
Sigmund is moderately wounded.
You hit the ribbon worm. The ribbon worm bites you. Sigmund closely misses you.
You hit Sigmund.
Sigmund is moderately wounded.
You hit the ribbon worm but do no damage.
The ribbon worm bites you. Sigmund hits you with a +0 scythe!
* * * LOW HITPOINT WARNING * * *
It was a potion of curing.
You feel better.
The ribbon worm expels a string of sticky webbing.
The stream of webbing hits you but does no damage.
You are caught in a web!
The web tears apart.
Sigmund closely misses you.
The ribbon worm bites you but does no damage.
You hit Sigmund.
Sigmund is moderately wounded.
You hit the ribbon worm. Sigmund misses you. The ribbon worm barely misses you.
You hit Sigmund.
Sigmund is heavily wounded.
You hit the ribbon worm. The ribbon worm barely misses you.
You hit Sigmund but do no damage.
Sigmund is heavily wounded.
You hit the ribbon worm. Sigmund gestures at you while chanting.
The magic dart hits you!
* * * LOW HITPOINT WARNING * * *
You feel better.
Sigmund points at you and mumbles some strange words.
You are confused.
The ribbon worm bites you.
* * * LOW HITPOINT WARNING * * *
Sigmund hits you from afar with a +0 scythe!
You die...
Sigmund begins carving another notch in his scythe.

# ### . ###.#####
....... #.#..####
.......
###w.####.##
#....@......
#.#@#...#.##
#.#.........
#.#####.#####.#..#
.....(...>....# .#
#.#####.#.##### #
#.#.# #.#.# #.#.#
##.#.#####..#


You could see Sigmund and a ribbon worm.

Vanquished Creatures
  A ribbon worm (D:2)
  2 ball pythons (D:1)
  6 endoplasms (D:1)
  A giant cockroach (D:1)
  A goblin (D:2)
  5 hobgoblins
  4 jackals (D:1)
  4 quokkas (D:1)
  3 bats (D:1)
  A frilled lizard (D:2)
  A kobold (D:1)
  A rat (D:1)
30 creatures vanquished.

Notes
Turn   | Place    | Note
-------+----------+-------------------------------------------
     0 | D:1      | hawla the Hill Orc Monk began the quest for the Orb.
     0 | D:1      | Reached XP level 1. HP: 19/19 MP: 1/1
    28 | D:1      | Found a faded altar of an unknown god.
   104 | D:1      | Reached XP level 2. HP: 20/27 MP: 2/2
   278 | D:1      | Reached XP level 3. HP: 29/33 MP: 3/3
   838 | D:2      | Noticed Sigmund
   852 | D:2      | Mangled by Sigmund

Illustrated notes

Levels and vault maps discovered:
D:1:      matt_arrival_debris, layout_rooms,
          shapermc_ecumenical_altar_starsandcircs
D:2:      layout_basic, uniq_sigmund

Skill      XL: |  1  2 |
---------------+-------+-----
Fighting       | 4 |  4.3
Axes           | |  4.6
Dodging        | |  2.9

Action                     || total
---------------------------++-------
  Melee: Hand axe          ||    94
    Use: Potion            ||     4
         Scroll            ||     3
 Armour: Robe              ||    59
  Dodge: Dodged            ||    49
